 Dungeon Sprint DCSS version 0.22-a0-48-g8770677 (webtiles) character file.

6080 Penishole the Fencer (level 10, 66/102 HPs)
             Began as a Minotaur Berserker on Jan 7, 2018.
             Was the Champion of Trog.
             Quit the game in the Dungeon (Sprint IX: "|||||||||||||||||||||||||||||") on Oct 12, 2018.
             The game lasted 00:09:23 (1760 turns).

Penishole the Fencer (Minotaur Berserker)           Turns: 1760, Time: 00:09:23

Health: 66/102     AC: 15    Str: 22    XL:     10   Next: 58%
Magic:  3/3        EV: 20    Int:  4    God:    Trog [******]
Gold:   0          SH:  0    Dex: 16    Spells: 9/9 levels left

rFire    . . .     SeeInvis .   E - +2 great sword (antimagic)
rCold    . . .     Gourm    .   (shield currently unavailable)
rNeg     . . .     Faith    .   q - +2 ring mail
rPois    .         Spirit   .   (helmet restricted)
rElec    .         Reflect  .   (no cloak)
rCorr    .         Harm     .   p - +0 pair of gloves
MR       .....     NoTele   +   o - +0 pair of boots
Stlth    +.........             (no amulet)
HPRegen  0.27/turn              r - +2 ring of protection
MPRegen  0.08/turn              s - +3 ring of dexterity

@: no status effects
A: retaliatory headbutt, horns 2
a: Berserk, Trog's Hand, Brothers in Arms, Burn Spellbooks, Renounce Religion


You were in the Dungeon.
You worshipped Trog.
Trog was exalted by your worship.
You were not hungry.

You visited 1 branch

Inventory:

Hand Weapons
 a - a +2 scimitar of flaming
 b - the +9 falchion "Ceun" {slice, rF+ rN+ Dex+3}
   (You found it in the Dungeon)

   It inflicts extra damage upon your enemies.
   It affects your dexterity (+3).
   It protects you from fire.
   It protects you from negative energy.
 k - a +0 shortbow
 B - a +1 triple sword of slicing
 D - a +0 double sword of holy wrath
 E - a +2 antimagic great sword (weapon)
Missiles
 j - 54 arrows
 t - 6 steel javelins (quivered)
Armour
 o - a +0 pair of boots (worn)
 p - a +0 pair of gloves (worn)
 q - a +2 ring mail (worn)
Jewellery
 r - a +2 ring of protection (left hand)
 s - a +3 ring of dexterity (right hand)
Wands
 n - a wand of iceblast (10)
Scrolls
 i - 2 scrolls of blinking
 m - 4 scrolls of remove curse
 x - 2 scrolls of enchant weapon
 y - a scroll of fog
 z - a scroll of fear
 A - 3 scrolls of identify
Potions
 d - 6 potions of curing
 e - 3 potions of heal wounds
 f - a potion of haste
 g - 4 potions of magic
 h - a potion of berserk rage
 l - a potion of invisibility
 u - a potion of brilliance
 v - a potion of might
 w - 2 potions of resistance
Comestibles
 c - 2 rations
 C - 21 chunks of flesh


   Skills:
 + Level 13.7 Fighting
 * Level 18.2 Long Blades
 + Level 13.5 Armour
 + Level 12.5 Dodging


You had 9 spell levels left.
You didn't know any spells.

Dungeon Overview and Level Annotations

Branches:
Dungeon (1/1)

Altars:
Cheibriados
Dithmenos
Elyvilon
Fedhas
Gozag
Hepliaklqana
Kikubaaqudgha
Makhleb
Nemelex Xobeh
Okawaru
Qazlal
Ru
Sif Muna
Trog
Uskayaw
Vehumet
Wu Jian
Xom
Yredelemnul
Zin
The Shining One
Beogh
Jiyva
Lugonu


Innate Abilities, Weirdness & Mutations

You reflexively headbutt those who attack you in melee.
You have a pair of horns on your head.


Message History

C - 25 chunks of flesh (gained 6)
There isn't anything here!
There is an open door to Lair:6, spattered with blood here.
You see here a tyrant leech corpse.
You butcher the tyrant leech corpse.
C - 30 chunks of flesh (gained 5)
There is an open door to Lair:6, spattered with blood here.
Some of the chunks of flesh in your inventory have rotted away.
You feel yourself speed up.
You start resting.
Eating one of 22 chunks of flesh.
You eat one of the 22 chunks of flesh.
This raw flesh tastes terrible.
You recover from your berserk rage.
Save game and exit?
Welcome back, Penishole the Minotaur Berserker.
Trog says: Kill them all!
Press ? for a list of commands and other information.
Okay, then.
Unknown command.
Unknown command.
Are you sure you want to abandon this character and quit the game? (Confirm with "yes".)

▓$▓.▓)▓
▓!▓.▓[▓
▓.▓.▓.▓
▓.▓.▓.▓
▓.▓.▓.▓
▓.▓.▓.▓
▓.▓.▓)▓
▓.▓.▓|▓
▓@▓.▓?▓
▓.▓.▓.▓
▓'▓.▓'▓
▓.▓.▓_▓
▓.▓.▓_▓
▓.▓.▓_▓
▓.▓.▓_▓
▓.▓.▓_▓
▓.▓.▓_▓


There were no monsters in sight!

Vanquished Creatures
  A hydra (D)
  2 lindwurms (D)
  3 spiny frogs (D)
  A rime drake (D)
  A komodo dragon (D)
  A troll (D)
  4 tyrant leeches (D)
  2 hornets (D)
  A wyvern (D)
  A water moccasin (D)
  5 porcupines (D)
  An eye of draining (D)
  An ogre (D)
  2 wolves (D)
  2 centaurs (D)
  2 crocodiles (D)
  3 bullfrogs (D)
  An orc priest (D)
  A gnoll (D)
  A shadow imp (D)
  2 worms (D)
  A dart slug (D)
  2 orcs (D)
  A bat skeleton (D)
  A giant cockroach (D)
  A jackal (D)
  A ball python skeleton (D)
  2 kobolds (D)
47 creatures vanquished.

Vanquished Creatures (collateral kills)
  A water moccasin (D)
1 creature vanquished.

Grand Total: 48 creatures vanquished

Notes
Turn   | Place    | Note
-------+----------+-------------------------------------------
     0 | D        | Penishole the Minotaur Berserker began the quest for the Orb.
     0 | D        | Reached XP level 1. HP: 19/19 MP: 0/0
     7 | D        | Reached skill level 4 in Long Blades
    11 | D        | Reached ** piety under Trog
    11 | D        | Reached skill level 5 in Long Blades
    11 | D        | Reached XP level 2. HP: 15/28 MP: 1/1
   200 | D        | Noticed a centaur
   201 | D        | Reached *** piety under Trog
   205 | D        | Killed a centaur
   205 | D        | Reached skill level 5 in Fighting
   205 | D        | Reached skill level 7 in Long Blades
   205 | D        | Reached skill level 5 in Armour
   205 | D        | Reached XP level 3. HP: 20/37 MP: 2/2
   205 | D        | Reached XP level 4. HP: 24/44 MP: 3/3
   424 | D        | Found a roughly hewn altar of Beogh.
   424 | D        | Found a snail-covered altar of Cheibriados.
   424 | D        | Found a shadowy altar of Dithmenos.
   424 | D        | Found a white marble altar of Elyvilon.
   424 | D        | Found a blossoming altar of Fedhas.
   424 | D        | Found an opulent altar of Gozag.
   425 | D        | Found a hazy altar of Hepliaklqana.
   426 | D        | Found a viscous altar of Jiyva.
   427 | D        | Found an ancient bone altar of Kikubaaqudgha.
   428 | D        | Found a corrupted altar of Lugonu.
   429 | D        | Found a burning altar of Makhleb.
   430 | D        | Found a sparkling altar of Nemelex Xobeh.
   431 | D        | Found an iron altar of Okawaru.
   432 | D        | Found a stormy altar of Qazlal.
   433 | D        | Found a sacrificial altar of Ru.
   434 | D        | Found a deep blue altar of Sif Muna.
   435 | D        | Found a bloodstained altar of Trog.
   436 | D        | Found a hide-covered altar of Uskayaw.
   437 | D        | Found a radiant altar of Vehumet.
   438 | D        | Found an ornate altar of the Wu Jian Council.
   439 | D        | Found a shimmering altar of Xom.
   440 | D        | Found a basalt altar of Yredelemnul.
   441 | D        | Found a glowing silver altar of Zin.
   442 | D        | Found a glowing golden altar of the Shining One.
   499 | D        | Noticed a bullfrog
   499 | D        | Noticed a wyvern
   499 | D        | Noticed a hornet
   499 | D        | Noticed an ogre
   502 | D        | Killed an ogre
   502 | D        | Reached **** piety under Trog
   502 | D        | Reached skill level 9 in Long Blades
   502 | D        | Reached skill level 5 in Dodging
   502 | D        | Reached XP level 5. HP: 52/52 MP: 4/4
   504 | D        | Killed a hornet
   504 | D        | Reached skill level 11 in Long Blades
   504 | D        | Reached XP level 6. HP: 62/62 MP: 5/5
   507 | D        | Killed a wyvern
   507 | D        | Reached XP level 7. HP: 69/69 MP: 6/6
   510 | D        | Received a gift from Trog
   510 | D        | Reached skill level 12 in Long Blades
   602 | D        | Noticed a hornet
   602 | D        | Noticed a troll
   602 | D        | Noticed an eight-headed hydra
   611 | D        | Killed a four-headed hydra
   611 | D        | Reached skill level 10 in Fighting
   611 | D        | Reached skill level 13 in Long Blades
   611 | D        | Reached skill level 10 in Armour
   611 | D        | Reached XP level 8. HP: 80/80 MP: 7/7
   612 | D        | Reached ***** piety under Trog
   612 | D        | Reached skill level 14 in Long Blades
   621 | D        | Killed a troll
   624 | D        | Killed a hornet
   624 | D        | Reached skill level 10 in Dodging
  1018 | D        | Got the +9 falchion "Ceun" {slice, rF+ rN+ Dex+3}
  1031 | D        | Noticed a spiny frog
  1031 | D        | Noticed a komodo dragon
  1036 | D        | Killed a komodo dragon
  1036 | D        | Received a gift from Trog
  1036 | D        | Reached skill level 15 in Long Blades
  1036 | D        | Reached XP level 9. HP: 69/89 MP: 8/8
  1045 | D        | Killed a spiny frog
  1046 | D        | Noticed a spiny frog
  1052 | D        | Reached skill level 16 in Long Blades
  1059 | D        | Killed a spiny frog
  1515 | D        | Noticed a rime drake
  1515 | D        | Noticed a spiny frog
  1516 | D        | Received a gift from Trog
  1521 | D        | Killed a spiny frog
  1529 | D        | Killed a rime drake
  1529 | D        | Reached skill level 17 in Long Blades
  1529 | D        | Reached XP level 10. HP: 100/100 MP: 9/9
  1531 | D        | Received a gift from Trog
  1693 | D        | Noticed a lindwurm
  1712 | D        | Killed a lindwurm
  1713 | D        | Noticed a lindwurm
  1729 | D        | Killed a lindwurm
  1729 | D        | Reached skill level 18 in Long Blades
  1732 | D        | Reached ****** piety under Trog
  1760 | D        | Quit the game

Vault maps used:
D:        linesprint

Skill      XL: |  1  2  3  4  5  6  7  8  9 10 |
---------------+-------------------------------+-----
Long Blades    | 5 7 9 11 13 15 17 18 | 18.2
Fighting       | 4 5 7 8 10 11 12 13 | 13.7
Armour         | 3 5 6 7 8 10 11 12 13 | 13.5
Dodging        | 3 4 5 7 9 10 11 12 | 12.5

Action                   |  1- 3 |  4- 6 |  7- 9 | 10-12 || total
-------------------------+-------+-------+-------+-------++-------
Melee: Falchion          |    16 |     2 |    34 |     6 ||    58
       Headbutt          |     3 |     1 |    16 |    10 ||    30
       Scimitar          |       |     5 |    23 |       ||    28
       Great sword       |       |       |       |    35 ||    35
Invok: Berserk           |     1 |     1 |     2 |     1 ||     5
       Brothers in Arms  |       |       |     2 |       ||     2
  Eat: Chunk             |       |       |     5 |     3 ||     8
Armor: Animal skin       |     1 |       |       |       ||     1
       Ring mail         |       |       |    16 |     5 ||    21
Dodge: Dodged            |     9 |     5 |    32 |    21 ||    67
       Rpst.: Falchion   |     2 |       |     6 |     1 ||     9
       Scimitar          |       |     3 |     2 |       ||     5
       Great sword       |       |       |       |     8 ||     8

Table legend:
 A = Spawn XP
 B = Non-spawn XP
 C = Spawn XP percentage of total XP
 D = Spawn monster count
 E = Non-spawn monster count
 F = Spawn count percentage of total count
 G = Total turns spent on level
                    A         B        C        D         E        F      G
               +---------+---------+-------+---------+---------+-------+---------
         Total |       0 |    8686 |   0.0 |       0 |      48 |   0.0 |  1760
               +---------+---------+-------+---------+---------+-------+---------
             D |       0 |    8686 |   0.0 |       0 |      48 |   0.0 |  1760
               +---------+---------+-------+---------+---------+-------+---------
